 Dungeon Crawl Stone Soup version 0.31.0-32-g396128a36d (webtiles) character file.

Game seed: 3194604420985818838

13363 Anitsirk the Warrior (level 12, -11/99 HPs)
             Began as an Octopode Fighter on Mar 10, 2024.
             Was a Priest of Trog.
             Mangled by a skeletal warrior
             ... wielding a +0 flail
              (22 damage)
             ... on level 11 of the Dungeon.
             The game lasted 00:17:56 (12797 turns).

Anitsirk the Warrior (Octopode Fighter)            Turns: 12797, Time: 00:17:58

Health: -11/99     AC:  1    Str: 18    XL:     12   Next: 5%
Magic:  12/12      EV: 27    Int: 10    God:    Trog [***...]
Gold:   755        SH:  0    Dex: 20    Spells: 11/11 levels left

rFire   . .          .
                       - Unarmed
rCold   . . .        b - melded +0 buckler
rNeg    . . .        (helmet restricted)
rPois   .            (no amulet)
rElec   .            E - +5 ring of evasion
rCorr   .            D - +6 ring of dexterity
SInv    +            v - ring of see invisible
Will    .....        (no ring)
Stlth   ++           (no ring)
HPRegen 0.36/turn    (no ring)
MPRegen 0.13/turn    (no ring)
                     (no ring)

%: no passive effects
@: flux-form, glowing, studying Fighting
A: glow, contaminating, almost no armour, amphibious, 8 rings, camouflage 1,
gelatinous body 1, (nimble swimmer 1), tentacles
a: Begin Untransformation, Renounce Religion, Berserk, Trog's Hand


You were on level 11 of the Dungeon.
You worshipped Trog.
Trog was most pleased with you.
You were something dangerously unstable.
You visited 2 branches of the dungeon, and saw 12 of its levels.
You also visited: Bailey.

You collected 838 gold pieces.
You spent 83 gold pieces at shops.


Innate Abilities, Weirdness & Mutations

You are something dangerously unstable.
You glow with magical radiation, making you easy to see and hit.
Foes you strike become dangerously contaminated with magical radiation.
You are incapable of wielding weapons or throwing items.
You cannot wear most types of armour.
You are amphibious.
You can wear up to eight rings at the same time.
Your skin changes colour to match your surroundings (Stealth+).
Your rubbery body absorbs attacks. (AC +1, EV +1)
((You are camouflaged when in or above water. (Stealth+)))
You have tentacles for arms and can constrict up to eight enemies at once.


   Skills:
 - Level 16.0 Fighting
 - Level 2.0 Polearms
 + Level 8.0 Dodging
 - Level 3.0 Stealth
 - Level 3.0 Shields
 + Level 8.0 Unarmed Combat
 - Level 4.0 Evocations
 + Level 8.0 Shapeshifting


You had 11 spell levels left.
You didn't know any spells.
Your spell library contained the following spells:

 Spells                   Type           Power      Damage    Failure   Level
 Shock                    Conj/Air       0%         1d3       36%         1
 Volatile Blastmotes      Fire/Tloc      0%         2d10      75%         3
 Fulminant Prism          Conj/Alch      0%         3d5       98%         4
 Iskenderun's Mystic Bla  Conj/Tloc      0%         2d3       98%         4
 Summon Blazeheart Golem  Fire/Summ      0%         N/A       98%         4
 Summon Lightning Spire   Summ/Air       0%         N/A       98%         4
 Lee's Rapid Deconstruct  Erth           0%         3d4*      100%        5
 Plasma Beam              Fire/Air       0%         2x1d10    100%        6
 Orb of Destruction       Conj           0%         9d5       100%        7
 Spellforged Servitor     Conj/Summ      0%         N/A       100%        7

Inventory:

Hand Weapons
 a - a +0 trident
Missiles
 d - 2 throwing nets {=f}
 e - 6 curare-tipped darts {=f}
 t - 14 poisoned darts (quivered)
Armour
 b - a +0 buckler (melded)
Magical Staves
 B - a staff of conjuration {!a}
Jewellery
 v - a ring of see invisible (on tentacle)
 D - a +6 ring of dexterity (right tentacle)
 E - a +5 ring of evasion (left tentacle)
Talismans
 f - a flux talisman (active)
Wands
 p - a wand of flame (83)
 y - a wand of paralysis (10)
 G - a wand of acid (9)
Scrolls
 j - 2 scrolls of teleportation {@r2}
 k - 3 scrolls of vulnerability
 l - a scroll of fear {unknown}
 m - 5 scrolls of noise
 r - a scroll of butterflies {unknown}
 s - 3 scrolls of fog {unknown}
 u - a scroll of poison {unknown}
 w - 2 scrolls of enchant weapon {unknown}
 A - 4 scrolls of enchant armour {unknown}
 F - 3 scrolls of immolation
 H - 2 scrolls of revelation
 I - 2 scrolls of blinking {unknown}
Potions
 c - 2 potions of might
 g - 2 potions of degeneration
 h - 3 potions of resistance
 i - a potion of magic
 n - a potion of heal wounds {@q2}
 o - a potion of invisibility
 q - 2 potions of attraction
 x - 4 potions of curing {@q1}
 z - 2 potions of lignification
 C - 2 potions of cancellation

Dungeon Overview and Level Annotations

Branches:
Dungeon (11/15)            Temple (1/1) D:7            Lair (0/5) D:10
    Orc (0/2) D:10         Bailey (visited)

Altars:
Ashenzari
Cheibriados
Dithmenos
Elyvilon
Fedhas
Gozag
Hepliaklqana
Kikubaaqudgha
Makhleb
Nemelex Xobeh
Okawaru
Qazlal
Ru
Sif Muna
Trog
Uskayaw
Vehumet
Wu Jian
Xom
Yredelemnul
Zin
The Shining One

Shops:
D:2 *!*?   D:4 ( D:8

[: #.# ... #)# ...## #.# . #..#
#.# .. #..# #.# ...>.# #..##
#.######. .....# #....
#........ ### ####...#####....
#....O... #..#H?##............
#.####.## #.##p# #.............
#.# #.# #.z.###...^.........
#.# #.# #.##.##....######.>.
#.# #.# #.# ##......# #OO. #.#
#.# #. #.##.#..# #... #.# #.# #
##.###..# #O.. #.# #.#
######..# #...
#.####.########<......######...
#..............................


You could see a skeletal warrior and a manticore (heavy contam, misshapen).


Message History

You are too injured to fight recklessly!
You are too injured to fight recklessly!
You are too injured to fight recklessly!
You are too injured to fight recklessly!
You are too injured to fight recklessly!
You are too injured to fight recklessly!
You are too injured to fight recklessly!
You are too injured to fight recklessly!
You are too injured to fight recklessly!
You are too injured to fight recklessly!
You are too injured to fight recklessly!
You are too injured to fight recklessly!
You are too injured to fight recklessly!
You are too injured to fight recklessly!
Unknown command.
You tentacle-slap the manticore.
The manticore glows dangerously bright.
The manticore is almost dead.
The skeletal warrior hits you with a +0 flail!
* * * LOW HITPOINT WARNING * * *
The manticore bites you.
* * * LOW HITPOINT WARNING * * *
The manticore claws you but does no damage.
The manticore completely misses you.
You completely miss the manticore.
The manticore is almost dead.
The manticore completely misses you. The manticore misses you.
The manticore claws you.
* * * LOW HITPOINT WARNING * * *
The skeletal warrior hits you with a +0 flail!!
You die...

Skill      XL: |  1  2  3  4  5  6  7  8  9 10 11 12 |
---------------+-------------------------------------+-----
Fighting       | 4 5 7 9 15 16 | 16.0
Unarmed Combat | 1 2 3 4 5 7 8 |  8.0
Shapeshifting  | 1 2 3 5 7 8 |  8.0
Stealth        | 3 |  3.0
Dodging        | 5 7 8 |  8.0
Evocations     | 1 4 |  4.0
Polearms       | |  2.0
Shields        | |  3.0

Action                     |  1- 3 |  4- 6 |  7- 9 | 10-12 || total
---------------------------+-------+-------+-------+-------++-------
  Melee: Trident           |    73 |   131 |    34 |       ||   238
         Constrict         |    11 |    27 |    42 |    77 ||   157
         Tentacles         |     4 |    24 |    55 |   127 ||   210
         Punch             |       |     1 |     5 |       ||     6
         Unarmed           |       |       |   194 |   390 ||   584
  Throw: Dart              |       |     4 |     3 |     6 ||    13
 Invoke: Berserk           |       |       |       |     2 ||     2
  Evoke: Wand              |       |       |     2 |       ||     2
    Use: Scroll            |       |       |     8 |     7 ||    15
         Potion            |       |       |       |     3 ||     3
   Stab: Sleeping          |     5 |     7 |     5 |     1 ||    18
         Distracted        |       |     1 |       |       ||     1
         Paralysed         |       |       |     3 |       ||     3
 Armour: Skin              |    10 |    27 |    69 |   112 ||   218
  Dodge: Dodged            |    37 |    55 |   149 |   413 ||   654
  Block: Buckler           |    15 |    23 |    17 |       ||    55
   Form: Flux              |       |       |     1 |     1 ||     2
                           |       |       |       |     1 ||     1

Levels and vault maps discovered:
D:1:      minmay_arrival_widening_spiral_wide, layout_basic
D:2:      layout_basic, serial_shops, nicolae_shop_tiny_real_fake_doors,
          nicolae_shop_rolling_square, shop, nicolae_diamond_shop,
          shapermc_ecumenical_altar_mp_urbaneastern, nicolae_nh_oracle_at_delphi
D:3:      layout_loops_corners, vehumet_altar_wand_db,
          kennysheep_generic_room_10, uniq_robin, uniq_natasha
D:4:      layout_basic, fedhas_altar_fruit_tree,
          mainiacjoe_overflow_surrounded_room, serial_shops, shop
D:5:      layout_loops_ring, kennysheep_small_circle
D:6:      layout_loops_ring
D:7:      layout_loops_cross, grunt_dithmenos_smoke, minmay_temple_entry_wispy,
          minmay_ruffians, uniq_jeremiah, uniq_joseph
D:8:      layout_basic, ashenzari_altar_1, serial_shops, kennysheep_mini_moat,
          enter_bailey_5, nicolae_custom_books, minmay_misc_feat_nine_boxes
D:9:      layout_basic, elyvilon_altar_1, nicolae_overflow_hallway_of_the_gods
D:10:     layout_loops_ring, nemelex_xobeh_ov_fountains_minmay,
          mainiacjoe_overflow_tiny_flanked, lair_entry_dummy,
          kennysheep_orc_monster_closet_entryway, serial_co_window_serial,
          co_window_paths_a, co_window_corner_a, co_window_paths_a,
          co_window_paths_a, co_window_paths_a, co_window_unsneaky_path_d,
          co_window_2corner, co_window_corner_cb, co_window_paths_c,
          glass_columns_a, glass_columns_b, glass_columns_c, glass_columns_b,
          uniq_fannar
D:11:     minmay_cornered_nines, layout_small_grid, gammafunk_ghost_necromancy,
          uniq_grum, uniq_lodul
Temple:   hellmonk_temple_rainy

Notes
Turn   | Place    | Note
-------+----------+-------------------------------------------
     0 | D:1      | Anitsirk the Octopode Fighter began the quest for the Orb.
     0 | D:1      | Reached XP level 1. HP: 16/16 MP: 1/1
    88 | D:1      | Reached XP level 2. HP: 22/22 MP: 2/2
   218 | D:1      | Reached skill level 4 in Fighting
   218 | D:1      | Reached XP level 3. HP: 21/27 MP: 3/3
   398 | D:1      | Got the Elucidation of the Foggy Mesa
   941 | D:2      | Found The Oracle's Delphic Readings.
   948 | D:2      | Bought a scroll of teleportation for 33 gold pieces
   973 | D:2      | Found Suhemolo's Assorted Antiques.
   976 | D:2      | Reached skill level 1 in Unarmed Combat
  1061 | D:2      | Reached skill level 1 in Shapeshifting
  1061 | D:2      | Reached XP level 4. HP: 33/33 MP: 4/4
  1153 | D:2      | Found Tikkekke's Assorted Antiques.
  1202 | D:2      | Found Poenaosuq's Distillery.
  1232 | D:2      | Found Ululaa Juxu's Antique Armour Shoppe.
  1385 | D:2      | Found a faded altar of an unknown god.
  1461 | D:2      | Bought a potion of heal wounds for 50 gold pieces
  1976 | D:3      | Found a radiant altar of Vehumet.
  1981 | D:3      | Noticed Natasha
  2033 | D:3      | Killed Natasha
  2034 | D:3      | Reached skill level 2 in Unarmed Combat
  2168 | D:3      | Reached XP level 5. HP: 37/37 MP: 5/5
  2194 | D:3      | Noticed Natasha
  2200 | D:3      | Killed Natasha
  2201 | D:3      | Reached skill level 2 in Shapeshifting
  2208 | D:3      | Noticed Natasha
  2219 | D:3      | Killed Natasha
  2345 | D:3      | Noticed Robin
  2357 | D:3      | Killed Robin
  2642 | D:3      | Reached skill level 3 in Unarmed Combat
  3052 | D:4      | Reached XP level 6. HP: 27/43 MP: 6/6
  3112 | D:4      | Found Adeekk's Weapon Shoppe.
  3162 | D:4      | Reached skill level 3 in Shapeshifting
  3705 | D:4      | Reached skill level 4 in Unarmed Combat
  3716 | D:4      | Found a hide-covered altar of Uskayaw.
  3805 | D:4      | Reached XP level 7. HP: 48/48 MP: 7/7
  3949 | D:4      | Reached skill level 4 in Shapeshifting
  4034 | D:4      | Found a blossoming altar of Fedhas.
  4257 | D:5      | Entered Level 5 of the Dungeon
  4413 | D:5      | Reached skill level 5 in Unarmed Combat
  4579 | D:5      | Reached skill level 5 in Shapeshifting
  4766 | D:5      | Reached XP level 8. HP: 53/54 MP: 8/8
  4879 | D:5      | Reached skill level 6 in Shapeshifting
  5151 | D:6      | Identified 2 potions of resistance
  5271 | D:6      | Reached skill level 7 in Shapeshifting
  5609 | D:6      | Reached skill level 1 in Stealth
  5790 | D:7      | Found a shadowy altar of Dithmenos.
  5805 | D:7      | Reached skill level 2 in Stealth
  5810 | D:7      | Reached skill level 5 in Fighting
  5810 | D:7      | Reached skill level 3 in Stealth
  5810 | D:7      | Reached XP level 9. HP: 61/61 MP: 9/9
  5813 | D:7      | Reached skill level 4 in Dodging
  5813 | D:7      | Reached skill level 6 in Unarmed Combat
  5822 | D:7      | Noticed Jeremiah
  6042 | D:7      | HP: 3/61 [gnoll/+0 spear[a gnoll bouda] (7)]
  6383 | D:7      | Killed Jeremiah
  6384 | D:7      | Reached skill level 5 in Dodging
  6389 | D:7      | Reached skill level 7 in Unarmed Combat
  6531 | D:7      | Reached skill level 6 in Fighting
  6563 | D:7      | Found a staircase to the Ecumenical Temple.
  6579 | Temple   | Entered the Ecumenical Temple
  6591 | Temple   | Became a worshipper of Trog the Wrathful
  6695 | D:7      | Noticed Joseph
  6707 | D:7      | Killed Joseph
  6708 | D:7      | Reached skill level 7 in Fighting
  6708 | D:7      | Reached skill level 1 in Evocations
  7141 | D:7      | Reached XP level 10. HP: 65/71 MP: 10/10
  7616 | D:7      | Reached skill level 2 in Evocations
  7659 | D:7      | Identified 2 scrolls of acquirement
  7659 | D:7      | Acquired a manual of Fighting
  7851 | D:8      | Found a flagged portal.
  7866 | Bailey   | Entered a bailey
  7907 | Bailey   | Identified a +0 crystal plate armour
  7943 | Bailey   | Found a large runed translucent door.
  7943 | Bailey   | Found a large runed translucent door.
  7944 | Bailey   | Noticed a deep elf pyromancer
  7945 | Bailey   | Noticed an orc knight
  8047 | Bailey   | Killed an orc knight
  8048 | Bailey   | Reached skill level 3 in Evocations
  8104 | Bailey   | Reached * piety under Trog
  8138 | Bailey   | Reached skill level 8 in Fighting
  8335 | Bailey   | Killed a deep elf pyromancer
  8336 | Bailey   | Reached skill level 6 in Dodging
  8351 | Bailey   | Acquired a manual of Fighting
  8476 | D:8      | Found a broken altar of Ashenzari.
  8536 | D:8      | Found Itzox's Armour Boutique.
  8583 | D:8      | Found Assipt's Self-Published Books.
  8605 | D:8      | Reached skill level 8 in Unarmed Combat
  8664 | D:8      | Noticed a two-headed ogre
  8674 | D:8      | Killed a two-headed ogre
  8675 | D:8      | Reached skill level 4 in Evocations
  8675 | D:8      | Reached skill level 8 in Shapeshifting
  8791 | D:8      | Reached skill level 9 in Fighting
  8799 | D:8      | Reached skill level 7 in Dodging
  9284 | D:9      | Reached XP level 11. HP: 65/80 MP: 11/11
  9418 | D:9      | Found an ornate altar of the Wu Jian Council.
  9418 | D:9      | Found a hazy altar of Hepliaklqana.
  9425 | D:9      | Found a shimmering blue altar of Sif Muna.
  9428 | D:9      | Found an opulent altar of Gozag.
  9434 | D:9      | Found a burning altar of Makhleb.
  9436 | D:9      | Found a basalt altar of Yredelemnul.
  9469 | D:9      | Reached skill level 10 in Fighting
  9540 | D:9      | Identified the +5 ring mail of Hide-and-Seek {rC+}
  9745 | D:9      | Reached ** piety under Trog
  9781 | D:9      | Found a white marble altar of Elyvilon.
  9788 | D:9      | Reached skill level 8 in Dodging
 10246 | D:9      | Reached skill level 11 in Fighting
 10321 | D:10     | Entered Level 10 of the Dungeon
 10346 | D:10     | Found a staircase to the Lair.
 10355 | D:10     | Found a shimmering altar of Xom.
 10492 | D:10     | Reached skill level 12 in Fighting
 10554 | D:10     | Found a sparkling altar of Nemelex Xobeh.
 11086 | D:10     | Found a staircase to the Orcish Mines.
 11100 | D:10     | Reached skill level 13 in Fighting
 11538 | D:10     | Noticed Fannar
 11551 | D:10     | Killed Fannar
 11552 | D:10     | Reached skill level 14 in Fighting
 11887 | D:11     | Noticed a manticore
 11899 | D:11     | Killed a manticore
 11937 | D:11     | Reached *** piety under Trog
 12286 | D:11     | Reached skill level 15 in Fighting
 12327 | D:11     | Noticed Grum
 12340 | D:11     | Noticed a two-headed ogre
 12342 | D:11     | Noticed a cyclops
 12518 | D:11     | Noticed a two-headed ogre
 12533 | D:11     | Killed a two-headed ogre
 12563 | D:11     | Killed a cyclops
 12564 | D:11     | Reached XP level 12. HP: 26/99 MP: 12/12
 12586 | D:11     | Killed Grum
 12587 | D:11     | Reached skill level 16 in Fighting
 12797 | D:11     | Mangled by a skeletal warrior

Vanquished Creatures
  Fannar (D:10)
  2 two-headed ogres
  An orc knight (Bailey)
  A deep elf pyromancer (Bailey)
  A manticore (D:11)
  A cyclops (D:11)
  Joseph (D:7)
  Jeremiah (D:7)
  2 trolls (D:10)
  2 shadows
  A vampire (D:10)
  13 yaks
  2 wyverns (D:9)
  5 humans (D:7)
  Grum (D:11)
  A steam dragon (D:8)
  2 water moccasins
  5 acid dragons
  2 ice beasts (D:7)
  3 sky beasts
  6 orc warriors
  2 black bears (D:5)
  3 ogres
  3 wolves (D:11)
  4 centaurs
  2 phantoms (D:5)
  3 kobold brigands
  A gnoll sergeant (D:10)
  2 bullfrogs
  3 scorpions
  8 wights (D:9)
  6 killer bees (D:8)
  A bombardier beetle (D:4)
  2 hounds
  5 orc priests
  2 gnoll boudas (D:7)
  8 iguanas
  Natasha (thrice) (D:3)
  8 orc wizards
  Robin (D:3)
  18 gnolls
  6 adders
  A shadow imp (D:5)
  2 ufetubi (D:5)
  2 ribbon worms
  4 dart slugs
  43 orcs
  7 endoplasms
  4 giant cockroaches
  14 goblins
  9 hobgoblins
  2 jackals (D:4)
  8 kobolds
  3 quokkas
  11 ball pythons
  7 bats
  4 frilled lizards
  6 rats
272 creatures vanquished.

Table legend: (Time is in decaauts)
 A = Elapsed time spent in this place.
 B = Non-inter-level travel time spent in this place.
 C = Inter-level travel time spent in this place.
 D = Time resting spent in this place.
 E = Time spent auto-exploring this place.
 F = Levels seen in this place.
 G = Mean time per level.
                   A        B        C        D        E       F      G
               +--------+--------+--------+--------+--------+-----+--------+
         Total |  12802 |  12488 |    314 |   1931 |   8499 |  13 |  984.8 |
       Dungeon |  12256 |  11954 |    302 |   1816 |   8249 |  11 | 1114.2 |
        Temple |     24 |     12 |     12 |      0 |      0 |   1 |   24.0 |
        Bailey |    520 |    520 |      0 |    115 |    250 |   1 |  520.0 |
               +--------+--------+--------+--------+--------+-----+--------+

Top non-repeatable levels by time:
    D:10: 2109 daAuts
     D:7: 1460 daAuts
     D:3: 1432 daAuts
     D:6: 1094 daAuts
     D:8: 1072 daAuts
     D:4: 1034 daAuts
     D:2: 1032 daAuts
     D:9: 1031 daAuts
     D:5: 816 daAuts
     D:1: 807 daAuts
  Bailey: 520 daAuts
    D:11: 363 daAuts
  Temple: 24 daAuts

Table legend:
 A = Non-vault XP
 B = Vault XP
 C = Vault XP percentage of total XP
 D = Non-vault monster count
 E = Vault monster count
 F = Vault count percentage of total count
                 A         B        C        D         E       F
            +---------+---------+-------+---------+---------+-------
      Total |   12360 |    6730 |  35.3 |     212 |      60 |  22.1
            +---------+---------+-------+---------+---------+-------
        D:1 |      59 |       0 |   0.0 |      22 |       0 |   0.0
        D:2 |      45 |       2 |   4.3 |      17 |       2 |  10.5
        D:3 |     129 |      66 |  33.8 |      16 |      10 |  38.5
        D:4 |     380 |       0 |   0.0 |      30 |       0 |   0.0
        D:5 |     749 |      20 |   2.6 |      18 |       3 |  14.3
        D:6 |     533 |       0 |   0.0 |       9 |       0 |   0.0
        D:7 |    1150 |    1797 |  61.0 |      23 |       7 |  23.3
        D:8 |    2331 |       8 |   0.3 |      23 |       4 |  14.8
        D:9 |    2120 |       0 |   0.0 |      23 |       0 |   0.0
       D:10 |    2891 |    1844 |  38.9 |      19 |      19 |  50.0
       D:11 |    1973 |    1059 |  34.9 |      12 |       5 |  29.4
     Bailey |       0 |    1934 | 100.0 |       0 |      10 | 100.0
            +---------+---------+-------+---------+---------+-------
